 Dungeon Crawl Stone Soup version 0.31-a0-278-g485e682e34 (webtiles) character file.

Game seed: 13779041723874219770

100731 MacCMillion the Brawler (level 15, -1/167 HPs)
             Began as a Troll Shapeshifter on July 16, 2023.
             Was a High Priest of Okawaru.
             Slain by a tarantella (9 damage)
             ... on level 2 of the Lair of Beasts.
             The game lasted 00:59:44 (27676 turns).

MacCMillion the Brawler (Troll Shapeshifter)       Turns: 27676, Time: 00:59:45

Health: -1/167     AC: 11    Str: 33    XL:     15   Next: 81%
Magic:  20/20      EV: 11    Int:  4    God:    Okawaru [*****.]
Gold:   1963       SH:  0    Dex: 10    Spells: 14/14 levels left

rFire   + .          .
                       - Unarmed
rCold   . . .        (no shield)
rNeg    . . .        D - +0 steam dragon scales
rPois   +            (helmet currently unavailable)
rElec   .            (cloak currently unavailable)
rCorr   +            (gloves unavailable)
SInv    +            (boots unavailable)
Will    +....        (no amulet)
Stlth   +            y - ring of Gojom {rPois rF+ SInv}
HPRegen 1.27/turn    g - ring "Lidghuodeli" {rCorr AC+4}
MPRegen 0.17/turn

%: no passive effects
@: confused, beast-form, studying 2 skills
A: beast (slay +7), large, unfitting armour, claws 3, regeneration 1, shaggy fur
1, tough skin 1
a: Begin Untransformation, Renounce Religion, Heroism, Finesse, Duel


You were on level 2 of the Lair of Beasts.
You worshipped Okawaru.
Okawaru was extremely pleased with you.
You were a hulking beast.
You visited 5 branches of the dungeon, and saw 24 of its levels.

You collected 2260 gold pieces.
You spent 297 gold pieces at shops.

Inventory:

Missiles
 r - 3 silver javelins
 t - 25 poisoned darts
 C - 7 javelins
 G - 13 curare-tipped darts
 H - 40 large rocks
 I - 10 atropa-tipped darts
 O - 2 throwing nets
 P - a datura-tipped dart
 Y - 10 boomerangs
 Z - 3 boomerangs of dispersal
Armour
 D - +0 steam dragon scales (worn)
Jewellery
 g - the ring "Lidghuodeli" (right claw) {rCorr AC+4}
   (You acquired it on level 4 of the Dungeon)

   [ring of protection]

   AC:        It affects your AC (+4).
   rCorr:     It protects you from acid and corrosion.
 y - the ring of Gojom (left claw) {rPois rF+ SInv}
   (You acquired it on level 9 of the Dungeon)

   [ring of see invisible]

   rF:        It protects you from fire.
   rPois:     It protects you from poison.
   SInv:      It lets you see invisible.
 A - a +6 ring of dexterity
 J - a ring of willpower
 L - a ring of protection from cold
 U - a +6 ring of strength
 V - a +4 ring of slaying
 W - a ring of see invisible
Talismans
 c - a beast talisman
Wands
 e - a wand of polymorph (18)
 p - a wand of flame (43)
 w - a wand of iceblast (17)
 K - a wand of digging (9)
 N - a wand of light (2)
 R - a wand of mindburst (17)
Scrolls
 h - 3 scrolls of fog
 j - 3 scrolls of poison
 l - a scroll of revelation
 n - 4 scrolls of enchant weapon
 q - 2 scrolls of amnesia
 s - 2 scrolls of teleportation
 u - 3 scrolls of blinking
 v - 4 scrolls of vulnerability
 x - 2 scrolls of immolation
 E - 3 scrolls of enchant armour
 F - 2 scrolls of silence
 Q - a scroll of fear
 X - a scroll of summoning
Potions
 a - a potion of invisibility
 b - 7 potions of lignification
 d - 2 potions of resistance
 f - 2 potions of haste
 i - 3 potions of curing
 k - 3 potions of brilliance
 m - 3 potions of berserk rage
 o - 8 potions of heal wounds
 z - 4 potions of degeneration
 B - 8 potions of attraction
 M - 2 potions of ambrosia {unknown}
 S - a potion of might {unknown}
 T - 2 potions of enlightenment {unknown}


   Skills:
 - Level 15.0 Fighting
 + Level 9.9 Throwing
 - Level 6.0 Dodging
 - Level 15.0 Unarmed Combat
 - Level 8.0 Invocations
 - Level 10.0 Shapeshifting


You had 14 spell levels left.
You didn't know any spells.
Your spell library contained the following spells:

 Spells                   Type           Power      Damage    Failure   Level
 Apportation              Tloc           0%         N/A       50%         1
 Kiss of Death            Conj/Necr      0%         2d5       50%         1
 Slow                     Hex            0%         N/A       50%         1
 Confusing Touch          Hex            0%         N/A       86%         3
 Frozen Ramparts          Ice            0%         1d1       86%         3
 Ignite Poison            Fire/Tmut/Pois 0%         N/A       86%         3
 Vampiric Draining        Necr           0%         2d6       86%         3
 Volatile Blastmotes      Fire/Tloc      0%         2d10      86%         3
 Cause Fear               Hex            0%         N/A       99%         4
 Dispel Undead            Necr           0%         3d6       99%         4
 Fulminant Prism          Conj/Hex       0%         3d5       99%         4
 Iskenderun's Mystic Bla  Conj/Tloc      0%         2d3       99%         4
 Petrify                  Tmut/Erth      0%         N/A       99%         4
 Sticky Flame             Conj/Fire      0%         2d3       99%         4
 Alistair's Intoxication  Tmut/Pois      0%         N/A       100%        5
 Fireball                 Conj/Fire      0%         3d3       100%        5
 Metabolic Englaciation   Hex/Ice        0%         N/A       100%        5
 Orb of Destruction       Conj           0%         9d5       100%        7
 Ignition                 Fire           0%         3d3       100%        8
 Summon Guardian Golem    Hex/Summ       Unusable   N/A       N/A         3
 Spellforged Servitor     Conj/Summ      Unusable   N/A       N/A         7
 Dragon's Call            Summ           Unusable   N/A       N/A         9

Dungeon Overview and Level Annotations

Branches:
Dungeon (15/15)            Temple (1/1) D:5            Lair (5/5) D:11
  Swamp (0/4) Lair:2       Spider (1/4) Lair:2        Slime (0/5) Lair:4
    Orc (2/2) D:10            Elf (0/3) Orc:2        Vaults (0/5) D:13
 Depths (0/4) D:15

Altars:
Ashenzari
Cheibriados
Dithmenos
Elyvilon
Fedhas
Gozag
Hepliaklqana
Kikubaaqudgha
Makhleb
Nemelex Xobeh
Okawaru
Qazlal
Ru
Sif Muna
Trog
Uskayaw
Vehumet
Wu Jian
Xom
Yredelemnul
Zin
The Shining One
Lugonu

Shops:
D:6 (   D:11 *   D:14 (   D:15 ??*([   Orc:2 [([!

Portals:
Abyss: Lair:5

Annotations:
D:2 1 runed translucent door, Crazy Yiuf
D:14 Nessos
Lair:2 4 runed translucent doors, Morbidden's ghost, journeyman DsCj


Innate Abilities, Weirdness & Mutations

You are a hulking beast.
Your limbs bulge with bestial killing power. (Slay +7)
You are too large for most types of armour.
You have claws for hands.
Your natural rate of healing is unusually fast.
You are covered in fur. (AC +1)
You have tough skin. (AC +1)


Message History

The culicivora barely misses you. The culicivora bites you!
The culicivora draws strength from your injuries!
The tarantella touches you but does no damage.
The jumping spider closely misses you. The jumping spider barely misses you.
Unknown command.
You scratch the jumping spider.
The jumping spider is lightly wounded.
The culicivora barely misses you.
The tarantella touches you but does no damage.
The jumping spider's wounds heal themselves!
The jumping spider pounces on you but does no damage.
The jumping spider bites you.
You barely miss the jumping spider. The culicivora bites you!
* * * LOW HITPOINT WARNING * * *
The culicivora draws strength from your injuries!
The tarantella touches you!
* * * LOW HITPOINT WARNING * * *
The culicivora bites you!
* * * LOW HITPOINT WARNING * * *
The culicivora draws strength from your injuries!
The jumping spider barely misses you. The jumping spider bites you.
* * * LOW HITPOINT WARNING * * *
Unknown command.
You scratch the jumping spider. Your claw misses the jumping spider.
The jumping spider is lightly wounded.
The jumping spider's wounds heal themselves!
The tarantella touches you.
* * * LOW HITPOINT WARNING * * *
You are confused.
The culicivora closely misses you.
The jumping spider pounces on you but does no damage.
The jumping spider bites you but does no damage.
You eviscerate the jumping spider!!!
You kill the jumping spider!
Okawaru accepts your kill. The culicivora bites you!
* * * LOW HITPOINT WARNING * * *
The culicivora draws strength from your injuries!
The tarantella touches you!
You die...

♣≈§~§♣................## ##P.....
♣♣♣♣♣♣..............#..# #P......
.♣♣♣♣.............#.#..###.......
..♣....P.##.....#...#..†.........
.....P...#.....##.....##†#.......
............#.......#.######.....
♣.................###..# #.....
♣♣..........#..s.......## ###.#P
♣....###.......hs......# ####
♣...............s..#..##
♣♣........#.#).....##...#
.♣..........#...#.......##
♣♣...P........#.#.....#.P#
♣♣......###..............#
♣.....P...........#......#
............#.###...#.#.## ##
..<..##....##.# ###.....P# ###.


You could see 2 culicivoras and a tarantella.

Vanquished Creatures
  Rupert (Lair:3)
  Gastronok (Lair:2)
  2 orc warlords (Orc:2)
  An ironbound preserver (D:13)
  Azrael (Orc:2)
  An ettin (D:15)
  A rakshasa (D:13)
  Erica (D:9)
  A catoblepas (Lair:4)
  6 hydras
  4 boulder beetles
  3 centaur warriors (D:13)
  4 death yaks (Lair:5)
  5 two-headed ogres
  2 orc high priests (Orc:2)
  3 thrashing horrors (Lair:5)
  A tengu warrior (D:14)
  A skyshark (Lair:4)
  A pharaoh ant (Lair:2)
  Amaemon (Lair:2)
  2 deep trolls (D:15)
  2 bog bodies (Lair:2)
  2 orc knights
  3 wizards (D:15)
  3 deep elf pyromancers
  A wolf spider zombie (D:13)
  15 ugly things
  Pikel (D:6)
  3 manticores
  4 orc sorcerers
  6 cyclopes
  8 centaur zombies (D:13)
  A large abomination (Lair:5)
  Joseph (D:7)
  3 torpor snails
  12 elephants
  5 black mambas
  An orange demon (Lair:3)
  3 smoke demons (Lair:5)
  An efreet (D:13)
  7 cane toads
  9 komodo dragons
  3 unseen horrors
  A rime drake (D:11)
  A yaktaur (D:15)
  3 meliai (D:14)
  2 polar bears (D:11)
  2 tarantellas (Lair:2)
  12 trolls
  Grinder (D:4)
  25 blink frogs
  3 meliai zombies (D:13)
  Prince Ribbit (D:7)
  10 dream sheep
  A raiju (Lair:5)
  13 slime creatures
  2 culicivoras
  3 jumping spiders (Lair:2)
  4 ynoxinuls (Lair:5)
  3 shadows
  4 wyverns
  A spriggan (Lair:5)
  2 wraiths (D:13)
  Eustachio (D:6)
  3 fire elementals (Orc:2)
  49 yaks
  A human (Lair:2)
  2 steam dragons
  7 basilisks
  3 swamp worms (Lair:2)
  2 chaos spawn (Lair:5)
  6 wargs
  Edmund (D:4)
  An acid dragon (D:10)
  2 hell hounds (Orc:2)
  7 water moccasins
  10 ice beasts
  A sky beast (D:7)
  42 orc warriors
  A hornet zombie (D:13)
  A black bear (D:5)
  5 ogres
  20 wolves
  7 centaurs
  3 lemures (D:6)
  7 kobold brigands
  4 gnoll sergeants
  9 bullfrogs
  3 scorpions
  4 wights (D:7)
  9 small abominations (Lair:5)
  14 killer bees
  8 howler monkeys
  3 electric eels
  2 hounds
  A jelly (D:7)
  17 orc priests
  A sleepcap (D:4)
  4 iguanas
  Terence (D:3)
  31 orc wizards
  Robin (D:3)
  23 gnolls
  4 adders
  2 shadow imps
  A white imp (D:5)
  An ufetubus (D:5)
  A worm (D:5)
  2 dart slugs (D:2)
  101 orcs
  6 ball pythons
  5 endoplasms
  4 giant cockroaches
  15 goblins
  11 hobgoblins
  7 jackals
  A quokka (D:5)
  3 bats
  6 frilled lizards
  11 kobolds
  3 rats
732 creatures vanquished.

Notes
Turn   | Place    | Note
-------+----------+-------------------------------------------
     0 | D:1      | MacCMillion the Troll Shapeshifter began the quest for the
                  | Orb.
     0 | D:1      | Reached XP level 1. HP: 19/19 MP: 0/0
   235 | D:1      | Reached XP level 2. HP: 27/27 MP: 1/1
   887 | D:2      | Reached XP level 3. HP: 30/32 MP: 2/2
  1100 | D:2      | Found an opulent altar of Gozag.
  1388 | D:2      | Found a runed translucent door.
  1389 | D:2      | Noticed Crazy Yiuf
  1448 | D:2      | Found a faded altar of an unknown god.
  1672 | D:3      | Noticed Terence
  1681 | D:3      | Killed Terence
  1682 | D:3      | Reached XP level 4. HP: 41/41 MP: 3/3
  1686 | D:3      | Noticed a water moccasin
  1705 | D:3      | Killed a water moccasin
  1706 | D:3      | Reached skill level 5 in Unarmed Combat
  1706 | D:3      | Reached XP level 5. HP: 24/48 MP: 4/4
  1930 | D:3      | Noticed Robin
  1971 | D:3      | Killed Robin
  2336 | D:4      | Found an opulent altar of Gozag.
  2336 | D:4      | Found a hide-covered altar of Uskayaw.
  2336 | D:4      | Noticed Edmund
  2555 | D:4      | Killed Edmund
  2556 | D:4      | Reached XP level 6. HP: 28/55 MP: 5/5
  2759 | D:4      | HP: 2/55 [ball python (3)]
  2923 | D:4      | Identified a scroll of acquirement
  2924 | D:4      | Acquired the ring "Lidghuodeli" {rCorr AC+4}
  2933 | D:4      | Noticed Grinder
  2960 | D:4      | Killed Grinder
  2961 | D:4      | Reached XP level 7. HP: 55/62 MP: 6/6
  3263 | D:5      | Entered Level 5 of the Dungeon
  3333 | D:5      | Found a staircase to the Ecumenical Temple.
  3375 | Temple   | Entered the Ecumenical Temple
  3548 | Temple   | Became a worshipper of Warmaster Okawaru
  3874 | D:5      | Reached XP level 8. HP: 70/70 MP: 7/7
  3959 | D:5      | Found a large runed translucent door.
  3959 | D:5      | Found a large runed translucent door.
  3963 | D:5      | Found a large runed translucent door.
  3963 | D:5      | Found a large runed translucent door.
  4122 | D:5      | Reached skill level 10 in Unarmed Combat
  4190 | D:5      | Reached * piety under Okawaru
  4286 | D:5      | Noticed a two-headed ogre
  4292 | D:5      | HP: 1/74 [two-headed ogre/+0 giant club (24)]
  4294 | D:5      | Killed a two-headed ogre
  4294 | D:5      | Reached ** piety under Okawaru
  4295 | D:5      | Reached XP level 9. HP: 3/84 MP: 8/8
  4497 | D:5      | Reached skill level 5 in Shapeshifting
  4983 | D:6      | Noticed Pikel
  4987 | D:6      | Killed Pikel
  4988 | D:6      | Reached skill level 5 in Fighting
  4996 | D:6      | Found Otem's Weapon Emporium.
  5375 | D:6      | Noticed Eustachio
  5387 | D:6      | Killed Eustachio
  6092 | D:7      | Noticed Joseph
  6101 | D:7      | Killed Joseph
  6101 | D:7      | Reached *** piety under Okawaru
  6134 | D:7      | Noticed Prince Ribbit
  6144 | D:7      | Killed Prince Ribbit
  6350 | D:7      | Found a sacrificial altar of Ru.
  6517 | D:8      | Reached XP level 10. HP: 100/100 MP: 9/9
  6884 | D:8      | Reached **** piety under Okawaru
  7557 | D:7      | Reached ***** piety under Okawaru
  7985 | D:8      | Reached XP level 11. HP: 77/111 MP: 10/10
  8067 | D:8      | Found a snail-covered altar of Cheibriados.
  8151 | D:8      | Found a glowing golden altar of the Shining One.
  8504 | D:9      | Acquired the ring of Gojom {rPois rF+ SInv}
  8634 | D:9      | Noticed a two-headed ogre
  8645 | D:9      | Killed a two-headed ogre
  8704 | D:9      | Found a radiant altar of Vehumet.
  8712 | D:9      | Found a stormy altar of Qazlal.
  8864 | D:9      | Received a gift from Okawaru
  8883 | D:9      | Reached ****** piety under Okawaru
  9305 | D:9      | Noticed Erica
  9314 | D:9      | Killed Erica
  9330 | D:10     | Entered Level 10 of the Dungeon
  9341 | D:10     | Noticed a two-headed ogre
  9346 | D:10     | Killed a two-headed ogre
  9347 | D:10     | Reached skill level 10 in Fighting
  9347 | D:10     | Reached skill level 10 in Shapeshifting
  9347 | D:10     | Reached skill level 1 in Throwing
  9903 | D:10     | Found a glowing silver altar of Zin.
  9994 | D:10     | Found a bloodstained altar of Trog.
 10152 | D:10     | Reached skill level 5 in Throwing
 10192 | D:10     | Found a hazy altar of Hepliaklqana.
 10212 | D:10     | Found a staircase to the Orcish Mines.
 10229 | D:10     | Reached XP level 12. HP: 89/126 MP: 11/11
 10505 | D:11     | Found Voran's Neck Hole.
 10536 | D:11     | Found a staircase to the Lair.
 10888 | D:11     | Reached skill level 1 in Invocations
 11059 | D:11     | Noticed a two-headed ogre
 11068 | D:11     | Killed a two-headed ogre
 11068 | D:11     | Received a gift from Okawaru
 11214 | D:11     | Identified the +12 dagger "Xeps" {freeze, SInv} (Okawaru
                  | gifted it to you on level 11 of the Dungeon)
 11214 | D:11     | Received a gift from Okawaru
 11412 | Lair:1   | Entered Level 1 of the Lair of Beasts
 11668 | Lair:1   | Reached skill level 5 in Invocations
 11744 | Lair:1   | Found a basalt altar of Yredelemnul.
 12412 | Lair:2   | Received a gift from Okawaru
 12652 | Lair:2   | Noticed a six-headed hydra
 12654 | Lair:2   | Killed a six-headed hydra
 12655 | Lair:2   | Noticed a boulder beetle
 12656 | Lair:2   | Reached XP level 13. HP: 122/135 MP: 13/16
 12765 | Lair:2   | Found a hole to the Spider Nest.
 12845 | Lair:2   | Found a runed translucent gate.
 12845 | Lair:2   | Found a runed translucent gate.
 12845 | Lair:2   | Found a runed translucent gate.
 12845 | Lair:2   | Noticed Gastronok
 12857 | Lair:2   | Killed Gastronok
 12857 | Lair:2   | Received a gift from Okawaru
 12908 | Lair:2   | Noticed a minotaur
 12910 | Lair:2   | Noticed Morbidden's ghost (journeyman DsCj)
 13074 | Lair:2   | Received a gift from Okawaru
 13304 | Lair:2   | Noticed Sonja
 13308 | Lair:2   | Sonja changed into Sonja the culicivora
 13308 | Lair:2   | Noticed Sonja
 13313 | Lair:2   | Killed Sonja the culicivora
 13604 | Lair:2   | Found a runed translucent door.
 13820 | Lair:2   | Found a staircase to the Swamp.
 14032 | Lair:3   | Noticed Amaemon
 14049 | Lair:2   | Killed Amaemon
 14817 | Lair:3   | Noticed Rupert
 14868 | Lair:3   | Killed Rupert
 14873 | Lair:3   | Identified the +1 robe of Kamirgh {Str-5 Int+6} (Okawaru
                  | gifted it to you on level 3 of the Lair of Beasts)
 14873 | Lair:3   | Received a gift from Okawaru
 15754 | Lair:4   | Found a staircase to the Slime Pits.
 16627 | Lair:5   | Entered Level 5 of the Lair of Beasts
 16785 | Lair:5   | Reached XP level 14. HP: 124/150 MP: 14/17
 17252 | Lair:5   | Found a snail-covered altar of Cheibriados.
 17874 | Lair:5   | Received a gift from Okawaru
 17982 | Lair:5   | Received a gift from Okawaru
 18155 | Lair:5   | Identified the +0 hat of Narrow Contentment {rPois rCorr}
                  | (Okawaru gifted it to you on level 5 of the Lair of Beasts)
 18155 | Lair:5   | Received a gift from Okawaru
 18890 | Lair:5   | Found a corrupted altar of Lugonu.
 18890 | Lair:5   | Found a one-way gate to the infinite horrors of the Abyss.
 18905 | Lair:5   | Identified the +11 arbalest "Taxkazag" {freeze, Stlth+}
 19219 | Orc:1    | Entered Level 1 of the Orcish Mines
 19558 | Orc:1    | You fall into a shaft and drop 1 floor!
 19558 | Orc:2    | Entered Level 2 of the Orcish Mines
 19753 | Orc:2    | Noticed Azrael
 19764 | Orc:2    | Killed Azrael
 20201 | Orc:2    | Noticed an orc warlord
 20215 | Orc:2    | Killed an orc warlord
 20217 | Orc:2    | Paralysed by an orc sorcerer for 2 turns
 20437 | Orc:2    | Found Zaphoar's Armour Shoppe.
 20471 | Orc:2    | Found a burning altar of Makhleb.
 20601 | Orc:2    | Found a staircase to the Elven Halls.
 21268 | Orc:2    | Noticed an orc warlord
 21430 | Orc:2    | Killed an orc warlord
 21430 | Orc:2    | Received a gift from Okawaru
 21448 | Orc:2    | Found Vaut Loentu's Antique Weapon Emporium.
 21495 | Orc:2    | Found Ipsadog's Antique Armour Shoppe.
 21677 | Orc:2    | Found Piupul's Distillery.
 21724 | Orc:2    | Bought a potion of haste for 120 gold pieces
 22050 | D:12     | Reached skill level 15 in Unarmed Combat
 22076 | D:12     | Identified the +7 hand axe "Piesuner" {drain, Int+5}
 22128 | D:12     | Reached XP level 15. HP: 148/165 MP: 20/20
 22258 | D:12     | Found a hide-covered altar of Uskayaw.
 22524 | D:12     | Reached skill level 15 in Fighting
 23124 | D:13     | Received a gift from Okawaru
 23246 | D:13     | Found a basalt altar of Yredelemnul.
 23690 | D:13     | Identified the +0 steam dragon scales "Noireoc" {rPois rN+
                  | Dex+3} (Okawaru gifted it to you on level 13 of the
                  | Dungeon)
 23690 | D:13     | Received a gift from Okawaru
 23978 | D:13     | Found a gate to the Vaults.
 24809 | D:13     | Found a gate to the Vaults.
 24920 | D:13     | Found a basalt altar of Yredelemnul.
 25310 | D:14     | Found Zosy's Antique Weapon Boutique.
 25416 | D:14     | Reached skill level 5 in Dodging
 25471 | D:14     | Noticed Nessos
 26523 | D:15     | Entered Level 15 of the Dungeon
 26786 | D:15     | Found Vidant's Antique Weapon Boutique.
 26786 | D:15     | Found Bekhillepn's Armour Shop.
 26902 | D:15     | Found Vutraim's Assorted Antiques.
 26905 | D:15     | Bought a smoky grey potion for 30 gold pieces
 26980 | D:15     | Found Zidom's Magic Scroll Boutique.
 26988 | D:15     | Bought a scroll of teleportation for 42 gold pieces
 26988 | D:15     | Bought a scroll of blinking for 105 gold pieces
 27168 | D:15     | Found a staircase to the Depths.
 27378 | D:15     | Found Plog's Magic Scroll Emporium.
 27661 | Spider:1 | Entered Level 1 of the Spider Nest
 27676 | Lair:2   | HP: 8/167 [culicivora (16)]
 27676 | Lair:2   | Slain by a tarantella

Illustrated notes

Levels and vault maps discovered:
D:1:      minmay_arrival_loop, layout_loops_cross
D:2:      layout_rooms, dreamdust_ecumenical_altar_hidden_monk_grotto,
          basic_altar, uniq_crazy_yiuf_cottage
D:3:      layout_loops_ring, uniq_terence, uniq_robin
D:4:      layout_cave_pools, gammafunk_temple_overflow_pools, uniq_grinder,
          uniq_edmund
D:5:      layout_layer_cave, minmay_temple_entry_statues_pillars,
          minmay_hollow_rounded_squares
D:6:      layout_basic, serial_shops, shop_coins, st_stairs_12,
          chequers_hall_statues_wall_a, kb_lookout_dungeons_type,
          nicolae_benzene_ring, uniq_eustachio, uniq_pikel
D:7:      layout_loops_ring, mainiacjoe_overflow_alcove_2, uniq_joseph,
          uniq_prince_ribbit1
D:8:      argonaut_augean_stables, layout_rooms, chei_slow_surprise,
          old_standard_altar
D:9:      layout_loops_ring, amethyst_overflow_temple_binary, uniq_erica
D:10:     nicolae_cairo_tiling, layout_irregular_city, trog_butcher_becter,
          nicolae_overflow_hidden_temple, general_overflow_altar,
          kennysheep_orc_monster_closet_entryway
D:11:     layout_small_grid, hellmonk_lair_entry_icy,
          nicolae_shop_sticking_my_neck_out
D:12:     layout_basic, chequers_mini_garden, nicolae_uskayaw_en_pointe
D:13:     layout_roguey, skrybe_vaults_entry_preservation,
          nicolae_yredelemnul_corpse_copse
D:14:     layout_irregular_city, serial_shops, shop, nicolae_water_bricks,
          uniq_nessos
D:15:     hangedman_depths_entry_civil_slaughter, layout_stronghold,
          chequers_decorated_corner, serial_shops, nicolae_shop_window_shopping,
          nicolae_shop_tiny_statue_garden, nicolae_square_shop, shop,
          nicolae_shop_rolled_up
Temple:   hellmonk_temple_flake
Lair:1:   layout_roguey, basic_altar, wad_woods_road_01, lemuel_fruit_tree
Lair:2:   layout_layer_cave, nicolae_swamp_entry_splash_gauntlet,
          nicolae_spider_entry_lesser_pyramids, maelrawn_ghost_gauntlet_escape,
          pdpol_lair_cabin_in_the_woods, uniq_gastronok, uniq_sonja
Lair:3:   layout_regular_city, uniq_rupert, uniq_amaemon
Lair:4:   layout_loops_ring, minmay_slime_entry_oklob_open, lemuel_fruit_fields,
          grunt_megastairs_1
Lair:5:   hellmonk_lair_end_abyssal_woods, layout_long_grid,
          kennysheep_snail_temple
Spider:1: layout_spider_delve, portal_ice_cave_entry_ice_simulacra, drop_trap
Orc:1:    layout_caves, basic_altar
Orc:2:    grunt_orc_community_town_hall, layout_caves,
          grunt_orc_community_big_house_2, grunt_orc_community_big_house_2,
          grunt_orc_community_house_1, grunt_orc_community_house_3,
          grunt_orc_community_house_1, grunt_orc_community_house_3,
          grunt_orc_community_house_2, grunt_orc_community_house_1,
          nicolae_orc_bridge_out, bloody_makhleb, uniq_azrael

Skill      XL: |  1  2  3  4  5  6  7  8  9 10 11 12 13 14 15 |
---------------+----------------------------------------------+-----
Unarmed Combat | 3 4 5 6 7 9 10 11 13 15 | 15.0
Fighting       | 4 6 8 10 12 14 15 | 15.0
Shapeshifting  | 4 7 8 10 | 10.0
Throwing       | 5 7 9 |  9.9
Invocations    | 6 8 |  8.0
Dodging        | 6 |  6.0

Action                     |  1- 3 |  4- 6 |  7- 9 | 10-12 | 13-15 || total
---------------------------+-------+-------+-------+-------+-------++-------
  Melee: Unarmed           |    96 |   106 |   203 |   563 |   928 ||  1896
         Punch             |     2 |     2 |     7 |    41 |    94 ||   146
  Throw: Dart              |       |       |       |     1 |    25 ||    26
         Javelin           |       |       |       |     2 |    42 ||    44
 Invoke: Heroism           |       |       |       |     1 |    10 ||    11
         Finesse           |       |       |       |       |     5 ||     5
  Evoke: Wand              |       |       |       |     3 |     4 ||     7
    Use: Potion            |       |     1 |       |     2 |     5 ||     8
         Scroll            |       |     4 |     9 |     3 |    10 ||    26
   Stab: Confused          |       |     1 |       |       |       ||     1
         Invisible         |       |       |       |       |     1 ||     1
 Armour: Animal skin       |    33 |    22 |    74 |    30 |       ||   159
         Skin              |       |     2 |       |       |       ||     2
         Steam dragon scal |       |       |       |   197 |   280 ||   477
  Dodge: Dodged            |    38 |    54 |    84 |   215 |   349 ||   740

Table legend: (Time is in decaauts)
 A = Elapsed time spent in this place.
 B = Non-inter-level travel time spent in this place.
 C = Inter-level travel time spent in this place.
 D = Time resting spent in this place.
 E = Time spent auto-exploring this place.
 F = Levels seen in this place.
 G = Mean time per level.
                   A        B        C        D        E       F      G
               +--------+--------+--------+--------+--------+-----+--------+
         Total |  27281 |  25896 |   1385 |   6818 |  14231 |  24 | 1136.7 |
       Dungeon |  17016 |  16105 |    911 |   4039 |   9310 |  15 | 1134.4 |
        Temple |    182 |    182 |      0 |      0 |    138 |   1 |  182.0 |
          Lair |   7690 |   7314 |    376 |   2324 |   3602 |   5 | 1538.0 |
   Spider Nest |      5 |      5 |      0 |      0 |      0 |   1 |    5.0 |
  Orcish Mines |   2386 |   2289 |     97 |    453 |   1181 |   2 | 1193.0 |
               +--------+--------+--------+--------+--------+-----+--------+

Top non-repeatable levels by time:
    D:13: 2603 daAuts
  Lair:5: 2325 daAuts
  Lair:2: 2042 daAuts
   Orc:2: 1816 daAuts
    D:10: 1465 daAuts
     D:7: 1302 daAuts
     D:5: 1291 daAuts
     D:8: 1219 daAuts
  Lair:3: 1216 daAuts
  Lair:1: 1105 daAuts
    D:15: 1004 daAuts
  Lair:4: 1001 daAuts
    D:11: 997 daAuts
     D:4: 985 daAuts
    D:14: 962 daAuts
